 Dungeon Crawl Stone Soup version 0.23.0 (webtiles) character file.

Game seed: 11451613602332680038

192 DrEnzyme the Insei (level 5, -1/41 HPs)
             Began as a Gnoll Transmuter on Feb 14, 2019.
             Splashed by a jelly's acid (4 damage)
             ... on level 3 of the Dungeon.
             The game lasted 00:07:30 (3201 turns).

DrEnzyme the Insei (Gnoll Transmuter)               Turns: 3201, Time: 00:07:31

Health: -1/41      AC: -3    Str: 13    XL:     5   Next: 71%
Magic:  10/12      EV: 14    Int: 16    God:
Gold:   173        SH:  0    Dex: 15    Spells: 7/14 levels left

rFire    . . .     SeeInvis .     - Unarmed
rCold    . . .     Gourm    .   (no shield)
rNeg     . . .     Faith    .   i - +0 leather armour (curse)
rPois    .         Spirit   .   (no helmet)
rElec    .         Reflect  .   (no cloak)
rCorr    .         Harm     .   n - +0 pair of gloves
MR       .....                  (boots currently unavailable)
Stlth    ++........             (no amulet)
HPRegen  0.13/turn              (no ring)
MPRegen  0.13/turn              (no ring)

@: confusing touch, appendage (expiring), corroded
A: distributed training, fangs 1, talons 3, strong nose
a: End Transformation


You were on level 3 of the Dungeon.
You were not hungry.
You had grown temporary talons.
You visited 1 branch of the dungeon, and saw 3 of its levels.

You collected 173 gold pieces.

Inventory:

Missiles
 a - 4 arrows
Armour
 b - a +0 robe
 i - a cursed +0 leather armour (worn)
 n - a +0 pair of gloves (worn)
Scrolls
 c - 3 scrolls of remove curse {unknown}
 e - 2 scrolls of random uselessness {unknown}
 g - 6 scrolls of identify {unknown}
 h - a scroll of enchant weapon {unknown}
 k - a scroll of enchant armour {unknown}
Potions
 d - 2 potions of cancellation {unknown}
 j - 2 potions of might {unknown}
 l - a potion of degeneration {unknown}
 m - a potion of lignification {unknown}
 o - a potion of curing {unknown}
Comestibles
 f - 10 rations


   Skills:
 + Level 3.0 Fighting
 + Level 1.5 Short Blades
 + Level 1.5 Long Blades
 + Level 1.5 Axes
 + Level 1.5 Maces & Flails
 + Level 1.5 Polearms
 + Level 1.5 Staves
 + Level 1.5 Slings
 + Level 1.5 Bows
 + Level 1.5 Crossbows
 + Level 1.5 Throwing
 + Level 1.5 Armour
 + Level 4.8 Dodging
 + Level 1.5 Stealth
 + Level 1.5 Shields
 + Level 6.7 Unarmed Combat
 + Level 5.2 Spellcasting
 + Level 1.2 Conjurations
 + Level 1.2 Hexes
 + Level 1.2 Charms
 + Level 1.2 Summonings
 + Level 1.2 Necromancy
 + Level 1.2 Translocations
 + Level 4.0 Transmutations
 + Level 1.2 Fire Magic
 + Level 1.2 Ice Magic
 + Level 1.2 Air Magic
 + Level 1.2 Earth Magic
 + Level 1.2 Poison Magic
 + Level 1.7 Invocations
 + Level 1.5 Evocations


You had 7 spell levels left.
You knew the following spells:

 Your Spells              Type           Power        Failure   Level  Hunger
a - Beastly Appendage     Tmut           ###...       3%          1    None
b - Sticks to Snakes      Tmut           ###.....     5%          2    #......
c - Spider Form           Tmut/Pois      ##........   19%         3    ###....
d - Confusing Touch       Hex            #.....       12%         1    None

Your spell library contained the following spells:

 Spells                   Type           Power        Failure   Level  Hunger
 Confuse                  Hex            #.......     34%         3    ###....
 Gell's Gravitas          Tloc           #.........   34%         3    ###....
 Ice Form                 Ice/Tmut       ##......     54%         4    ####...
 Petrify                  Tmut/Erth      ##......     54%         4    ####...
 Blade Hands              Tmut           ###.......   71%         5    ######.
 Yara's Violent Unravell  Hex/Tmut       ##........   87%         5    ######.
 Metabolic Englaciation   Hex/Ice        #.........   97%         5    ######.


Dungeon Overview and Level Annotations

Branches:
Dungeon (3/15)

Altars:

Annotations:
D:3 1 runed translucent door, Crazy Yiuf


Innate Abilities, Weirdness & Mutations

Your experience applies equally to all skills.
You have very sharp teeth.
Your uncanny sense of smell can sniff out nearby items.
You have claws for feet.


Message History

You are too injured to fight recklessly!
You are too injured to fight recklessly!
You are too injured to fight recklessly!
You are too injured to fight recklessly!
You hit the quokka.
You kill the quokka!
You see here a quokka corpse.
Your transformation is almost over.
You hit the jelly.
Your hands burn!
You claw the jelly.
The jelly is severely wounded.
The jelly seems less confused.
The jelly barely misses you.
You see here a quokka corpse.
Casting: Confusing Touch (safe; 12% risk of failure)
Confirm with . or Enter, or press ? or * to list all spells.
Your hands begin to glow red.
The jelly hits you.
* * * LOW HITPOINT WARNING * * *
The acid corrodes you!
You are splashed with acid!
* * * LOW HITPOINT WARNING * * *
You hit the jelly but do no damage. The acid corrodes you!
Your hands burn!
You die...

####### .......##
#### #....%.# #..
#......# #.#
#..#..†####.###
#.....†J@.....# #
....##..####.#.#.#
........# #.#.#.#
######### #.....#
###.### ..
##############.##
#.#
#.........>.....#
#.#
#...............#
#.#
#...............#


You could see a jelly.

Vanquished Creatures
  A bullfrog skeleton (D:3)
  3 gnolls (D:3)
  6 adders
  An ooze (D:3)
  A worm (D:3)
  4 leopard geckos
  An orc (D:3)
  A ball python (D:1)
  5 giant cockroaches
  2 goblins
  7 hobgoblins
  5 jackals
  A quokka (D:3)
  6 bats
  4 frilled lizards
  9 kobolds
  A leopard gecko zombie (D:3)
  10 rats
68 creatures vanquished.

Vanquished Creatures (collateral kills)
  3 jackals (D:2)
  A bat (D:2)
  2 frilled lizards (D:2)
6 creatures vanquished.

Grand Total: 74 creatures vanquished

Notes
Turn   | Place    | Note
-------+----------+-------------------------------------------
     0 | D:1      | DrEnzyme the Gnoll Transmuter began the quest for the Orb.
     0 | D:1      | Reached XP level 1. HP: 17/17 MP: 6/6
   320 | D:1      | Reached XP level 2. HP: 17/23 MP: 5/7
   520 | D:1      | Reached XP level 3. HP: 28/28 MP: 7/9
   532 | D:1      | Reached skill level 5 in Spellcasting
   835 | D:1      | Learned a level 2 spell: Sticks to Snakes
  1314 | D:2      | Reached skill level 1 in Invocations
  1694 | D:2      | Reached skill level 1 in Short Blades
  1694 | D:2      | Reached skill level 1 in Long Blades
  1694 | D:2      | Reached skill level 1 in Axes
  1694 | D:2      | Reached skill level 1 in Maces & Flails
  1694 | D:2      | Reached skill level 1 in Polearms
  1694 | D:2      | Reached skill level 1 in Staves
  1694 | D:2      | Reached skill level 1 in Slings
  1694 | D:2      | Reached skill level 1 in Bows
  1694 | D:2      | Reached skill level 1 in Crossbows
  1694 | D:2      | Reached skill level 1 in Throwing
  1694 | D:2      | Reached skill level 1 in Armour
  1694 | D:2      | Reached skill level 1 in Stealth
  1694 | D:2      | Reached skill level 1 in Shields
  1694 | D:2      | Reached skill level 1 in Evocations
  1753 | D:2      | Reached XP level 4. HP: 30/34 MP: 4/11
  1924 | D:2      | Noticed an orc warrior
  2370 | D:3      | Reached skill level 1 in Conjurations
  2370 | D:3      | Reached skill level 1 in Hexes
  2370 | D:3      | Reached skill level 1 in Charms
  2370 | D:3      | Reached skill level 1 in Summonings
  2370 | D:3      | Reached skill level 1 in Necromancy
  2370 | D:3      | Reached skill level 1 in Translocations
  2370 | D:3      | Reached skill level 1 in Fire Magic
  2370 | D:3      | Reached skill level 1 in Ice Magic
  2370 | D:3      | Reached skill level 1 in Air Magic
  2370 | D:3      | Reached skill level 1 in Earth Magic
  2370 | D:3      | Reached skill level 1 in Poison Magic
  2469 | D:2      | Learned a level 3 spell: Spider Form
  2815 | D:3      | Reached XP level 5. HP: 40/40 MP: 10/12
  2978 | D:3      | Learned a level 1 spell: Confusing Touch
  3150 | D:3      | Found a runed translucent door.
  3151 | D:3      | Noticed Crazy Yiuf
  3201 | D:3      | Splashed by a jelly's acid

Skill      XL: |  1  2  3  4  5 |
---------------+----------------+-----
Spellcasting   | 5 |  5.2
Invocations    | 1 |  1.7
Short Blades   | 1 |  1.5
Long Blades    | 1 |  1.5
Axes           | 1 |  1.5
Maces & Flails | 1 |  1.5
Polearms       | 1 |  1.5
Staves         | 1 |  1.5
Slings         | 1 |  1.5
Bows           | 1 |  1.5
Crossbows      | 1 |  1.5
Throwing       | 1 |  1.5
Armour         | 1 |  1.5
Stealth        | 1 |  1.5
Shields        | 1 |  1.5
Evocations     | 1 |  1.5
Conjurations   | 1 |  1.2
Hexes          | 1 |  1.2
Charms         | 1 |  1.2
Summonings     | 1 |  1.2
Necromancy     | 1 |  1.2
Translocations | 1 |  1.2
Fire Magic     | 1 |  1.2
Ice Magic      | 1 |  1.2
Air Magic      | 1 |  1.2
Earth Magic    | 1 |  1.2
Poison Magic   | 1 |  1.2
Fighting       | 3 |  3.0
Transmutations | 4 |  4.0
Dodging        | |  4.8
Unarmed Combat | |  6.7

Action                   |  1- 3 |  4- 6 || total
-------------------------+-------+-------++-------
Melee: Unarmed           |    96 |    92 ||   188
       Punch             |     6 |     2 ||     8
       Headbutt          |     3 |     5 ||     8
       Bite              |     4 |     6 ||    10
       Kick              |     4 |    14 ||    18
 Cast: Beastly Appendage |    12 |    13 ||    25
       Sticks to Snakes  |     6 |     2 ||     8
       Confusing Touch   |       |     6 ||     6
       Spider Form       |       |     1 ||     1
 Abil: End Transformatio |       |     1 ||     1
 Stab: Sleeping          |     2 |     5 ||     7
  Eat: Chunk             |     3 |     2 ||     5
       Ration            |       |     1 ||     1
Armor: Robe              |    14 |       ||    14
       Leather armour    |     1 |    15 ||    16
Dodge: Dodged            |    69 |    61 ||   130
